 Dungeon Crawl Stone Soup version 0.27-a0-860-gaf99fae3ca (webtiles) character file.

Game seed: 3446886579419875637

961 Zonian the Charlatan (level 8, -2/67 HPs)
             Began as a Hill Orc Artificer on Apr 2, 2021.
             Was a Follower of Okawaru.
             Slain by a water moccasin (7 damage)
             ... on level 5 of the Dungeon.
             The game lasted 00:14:37 (7917 turns).

Zonian the Charlatan (Hill Orc Artificer)           Turns: 7917, Time: 00:14:37

Health: -2/67      AC:  7    Str: 15    XL:     8   Next: 15%
Magic:  10/10      EV: 12    Int: 11    God:    Okawaru [*.....]
Gold:   181        SH:  0    Dex: 13    Spells: 7/7 levels left

rFire    . . .     SeeInvis .   o - +2 hand axe (elec)
rCold    . . .     Faith    .   (no shield)
rNeg     . . .     Spirit   .   b - +0 leather armour
rPois    .         Reflect  .   d - +1 helmet
rElec    .         Harm     .   h - +0 cloak
rCorr    .         Rampage  .   A - +0 pair of gloves
Will     .....                  (no boots)
Stlth    ++........             (no amulet)
HPRegen  0.21/turn              (no ring)
MPRegen  0.12/turn              (no ring)

@: studying Fighting
A: no striking features
a: Renounce Religion, Heroism


You were on level 5 of the Dungeon.
You worshipped Okawaru.
Okawaru was aware of your devotion.
You visited 2 branches of the dungeon, and saw 7 of its levels.

You collected 181 gold pieces.

Inventory:

Hand Weapons
 a - a +0 club
 i - a +0 spear
 m - a +0 glaive
 o - a +2 hand axe of electrocution (weapon)
 s - a +1 whip of holy wrath
 x - a +0 war axe
Missiles
 f - 20 poisoned darts
 z - a throwing net
Armour
 b - a +0 leather armour (worn)
 d - a +1 helmet (worn)
 h - a +0 cloak (worn)
 j - a +0 ring mail
 A - a +0 pair of gloves (worn)
Wands
 e - a wand of random effects (12)
 r - a wand of digging (2)
Potions
 g - 3 potions of curing
 k - 3 potions of cancellation
 l - 5 potions of heal wounds
 n - a potion of attraction
 p - a potion of flight {unknown}
 q - a potion of magic {unknown}
 t - a potion of might {unknown}
 v - a potion of mutation {unknown}


   Skills:
 + Level 4.7 Fighting
 + Level 4.0(4.3) Axes
 - Level 1.8(2.8) Polearms
 - Level 3.0 Armour
 + Level 3.0 Dodging
 + Level 3.1 Stealth
 + Level 3.1 Invocations
 + Level 5.0 Evocations


You had 7 spell levels left.
You didn't know any spells.
Your spell library contained the following spells:

 Spells                   Type           Power      Damage    Failure   Level
 Magic Dart               Conj           0%         1d3       41%         1
 Blink                    Tloc           N/A        N/A       54%         2
 Call Imp                 Summ           0%         N/A       54%         2
 Slow                     Hex            0%         N/A       54%         2
 Conjure Flame            Conj/Fire      0%         6-21      78%         3
 Mephitic Cloud           Conj/Pois/Air  0%         N/A       78%         3


Dungeon Overview and Level Annotations

Branches:
Dungeon (6/15)             Temple (1/1) D:4

Altars:
Cheibriados
Dithmenos
Elyvilon
Fedhas
Gozag
Hepliaklqana
Makhleb
Nemelex Xobeh
Okawaru
Qazlal
Ru
Sif Muna
Trog
Uskayaw
Vehumet
Wu Jian
Xom
Yredelemnul
Zin
The Shining One

Shops:
D:1 !

Portals:
Abyss: D:3

Annotations:
D:2 Crazy Yiuf
D:3 2 transporters, Dvallin's ghost, amateur DjEE


Message History

You closely miss the water moccasin.
The water moccasin bites you but does no damage.
You barely miss the water moccasin. The water moccasin bites you.
* * * LOW HITPOINT WARNING * * *
The water moccasin bites you.
* * * LOW HITPOINT WARNING * * *
You hit the water moccasin.
The water moccasin is lightly wounded.
The water moccasin closely misses you.
Unknown command.
You hit the water moccasin.
The water moccasin is lightly wounded.
The water moccasin bites you.
* * * LOW HITPOINT WARNING * * *
The water moccasin bites you.
* * * LOW HITPOINT WARNING * * *
You hit the water moccasin.
The water moccasin is lightly wounded.
The water moccasin closely misses you.
Unknown command.
Aiming: Throw Flame
Press: ? - help, Shift-Dir - straight line, f - water moccasin
Aim: a water moccasin (lightly wounded, 43% to evade)
The puff of flame hits the water moccasin!
The water moccasin is heavily wounded.
The now-empty wand crumbles to dust.
The water moccasin bites you.
* * * LOW HITPOINT WARNING * * *
The water moccasin bites you.
* * * LOW HITPOINT WARNING * * *
Aiming: Random Effects
Press: ? - help, Shift-Dir - straight line, f/p - water moccasin
Aim: a water moccasin (heavily wounded)
The water moccasin seems to grow stronger.
The water moccasin barely misses you.
Aiming: Random Effects
Press: ? - help, Shift-Dir - straight line, f/p - water moccasin
Aim: a water moccasin (heavily wounded, strong)
The water moccasin resists with significant effort.
The water moccasin bites you!
You die...

######### #.......#
#.......#
##############.S.....#
................@....#
..........######'#####
#########'### #.#
#.....####.##
#######...........#
#.[...............#
#..†....##.#......#
#.......##.#......#
........##........#


You could see a water moccasin (strong).

Vanquished Creatures
  An ice beast (D:6)
  An ogre (D:5)
  A centaur (D:5)
  A scorpion (D:5)
  A centaur zombie (D:6)
  An orc priest (D:5)
  A jelly (D:5)
  5 hounds
  3 centaur skeletons
  Natasha (thrice) (D:4)
  2 iguanas
  A hound skeleton (D:3)
  Robin (D:2)
  A howler monkey zombie (D:5)
  3 gnolls (D:5)
  3 adders
  An adder zombie (D:5)
  2 worms (D:3)
  16 orcs
  4 bats
  7 endoplasms
  A giant cockroach (D:4)
  9 goblins
  6 hobgoblins
  3 jackals (D:1)
  5 kobolds
  A quokka (D:3)
  6 ball pythons
  2 frilled lizards
  7 rats
99 creatures vanquished.

Vanquished Creatures (collateral kills)
  2 goblins
2 creatures vanquished.

Vanquished Creatures (others)
  An adder (D:3)
  4 goblins (D:2)
  2 hobgoblins
  A ball python (D:3)
  4 fungi (D:2)
12 creatures vanquished.

Grand Total: 113 creatures vanquished

Notes
Turn   | Place    | Note
-------+----------+-------------------------------------------
     0 | D:1      | Zonian the Hill Orc Artificer began the quest for the Orb.
     0 | D:1      | Reached XP level 1. HP: 16/16 MP: 1/1
   725 | D:1      | Reached XP level 2. HP: 23/23 MP: 2/2
   725 | D:1      | Found a faded altar of an unknown god.
  1389 | D:1      | Reached XP level 3. HP: 28/28 MP: 3/3
  1441 | D:1      | Found Atoitoff's Distillery.
  1492 | D:1      | Reached skill level 1 in Dodging
  1642 | D:2      | Noticed Robin
  2148 | D:3      | Found a one-way gate to the infinite horrors of the Abyss.
  2148 | D:3      | Noticed Dvallin's ghost (amateur DjEE)
  2798 | D:2      | Reached skill level 1 in Polearms
  2991 | D:2      | HP: 1/29 [Robin/+0 spear (2)]
  2993 | D:2      | Killed Robin
  2994 | D:2      | Reached skill level 1 in Stealth
  2994 | D:2      | Reached XP level 4. HP: 13/36 MP: 4/4
  3406 | D:2      | Found a runed translucent door.
  3407 | D:2      | Noticed Crazy Yiuf
  3925 | D:3      | Found a transporter.
  3953 | D:3      | Found a transporter.
  4452 | D:3      | Reached XP level 5. HP: 42/42 MP: 5/5
  4590 | D:3      | Noticed a small abomination
  4738 | D:4      | Noticed Natasha
  4745 | D:4      | Killed Natasha
  4746 | D:4      | Reached skill level 1 in Axes
  4946 | D:4      | Noticed Natasha
  4957 | D:4      | Killed Natasha
  5258 | D:4      | Reached skill level 4 in Evocations
  5303 | D:4      | Reached XP level 6. HP: 50/50 MP: 6/6
  5448 | D:4      | Found a glowing golden altar of the Shining One.
  5452 | D:4      | Found a hide-covered altar of Uskayaw.
  5476 | D:4      | Found a blossoming altar of Fedhas.
  5492 | D:4      | Noticed Natasha
  5542 | D:4      | Killed Natasha
  5641 | D:4      | Found a staircase to the Ecumenical Temple.
  5652 | Temple   | Entered the Ecumenical Temple
  5775 | Temple   | Became a worshipper of Warmaster Okawaru
  6171 | D:4      | Found a bloodstained altar of Trog.
  6442 | D:5      | Entered Level 5 of the Dungeon
  6661 | D:5      | Reached skill level 1 in Invocations
  6741 | D:5      | Reached XP level 7. HP: 49/57 MP: 7/7
  7026 | D:5      | Reached * piety under Okawaru
  7599 | D:5      | Identified a scroll of acquirement
  7599 | D:5      | Acquired a manual of Fighting
  7760 | D:6      | Reached skill level 5 in Evocations
  7760 | D:6      | Reached XP level 8. HP: 61/67 MP: 10/10
  7917 | D:5      | Slain by a water moccasin

Illustrated notes

Levels and vault maps discovered:
D:1:      dpeg_arrival_chambers_temple_mockup, layout_basic,
          basic_ecumenical_altar, serial_shops, shop
D:2:      layout_rooms, uniq_robin, uniq_crazy_yiuf_cottage
D:3:      layout_basic, gammafunk_ghost_abyssal_escape,
          minmay_fractal_squares_gapless_5
D:4:      layout_cave_pods, marbit_many_paths,
          chequers_temple_overflow_statue_of_worship, minmay_temple_entry_waves,
          chequers_mini_garden, uniq_natasha
D:5:      layout_basic
D:6:      layout_rooms, minmay_bent, uniq_sigmund
Temple:   kb_temple_of_zot

Skill      XL: |  1  2  3  4  5  6  7  8 |
---------------+-------------------------+-----
Dodging        | 1 2 3 |  3.0
Polearms       | 1 |  1.8
Armour         | 3 |  3.0
Stealth        | 1 2 3 |  3.1
Fighting       | 2 3 4 |  4.7
Axes           | 1 2 4 |  4.0
Evocations     | 4 5 |  5.0
Invocations    | 1 3 |  3.1

Action                   |  1- 3 |  4- 6 |  7- 9 || total
-------------------------+-------+-------+-------++-------
Melee: Club              |    23 |       |       ||    23
       Spear             |   113 |       |       ||   113
       Hand axe          |       |   138 |    81 ||   219
Throw: Dart              |       |     1 |       ||     1
Invok: Heroism           |       |       |     1 ||     1
Evoke: Wand              |    20 |     9 |     4 ||    33
  Use: Potion            |     1 |       |       ||     1
       Scroll            |       |     4 |     5 ||     9
 Stab: Sleeping          |     3 |     2 |     1 ||     6
Armor: Leather armour    |    55 |    44 |    30 ||   129
Dodge: Dodged            |    81 |    85 |    71 ||   237

Table legend: (Time is in decaauts)
 A = Elapsed time spent in this place.
 B = Non-inter-level travel time spent in this place.
 C = Inter-level travel time spent in this place.
 D = Time resting spent in this place.
 E = Time spent auto-exploring this place.
 F = Levels seen in this place.
 G = Mean time per level.
                   A        B        C        D        E       F      G
               +--------+--------+--------+--------+--------+-----+--------+
         Total |   7972 |   7828 |    144 |   2424 |   4013 |   7 | 1138.9 |
       Dungeon |   7822 |   7704 |    118 |   2424 |   3931 |   6 | 1303.7 |
        Temple |    149 |    123 |     26 |      0 |     82 |   1 |  149.0 |
               +--------+--------+--------+--------+--------+-----+--------+

Top non-repeatable levels by time:
     D:1: 2085 daAuts
     D:3: 1834 daAuts
     D:4: 1568 daAuts
     D:5: 1318 daAuts
     D:2: 847 daAuts
     D:6: 169 daAuts
  Temple: 149 daAuts
